 Dungeon Crawl Stone Soup version 0.31-a0-1074-g0b22e4e0f1 (webtiles) character file.

Game seed: 4002363396503046827

277 BigPumpCobain the Ruffian (level 6, 0/79 HPs)
             Began as a Draconian Shapeshifter on Dec 4, 2023.
             Slain by a cerulean imp
             ... wielding a +0 spear
             ... summoned by Natasha
              (2 damage)
             ... on level 3 of the Dungeon.
             The game lasted 00:03:11 (2027 turns).

BigPumpCobain the Ruffian (Draconian Shapeshifter)  Turns: 2027, Time: 00:03:12

Health: 0/79       AC: 23    Str: 19    XL:     6   Next: 4%
Magic:  6/6        EV:  2    Int: 10    God:
Gold:   88         SH:  0    Dex: 16    Spells: 5/5 levels left

rFire   . .          .
                       - Unarmed
rCold   . . .        (no shield)
rNeg    . . .        (body armour unavailable)
rPois   +            (helmet currently unavailable)
rElec   .            (cloak currently unavailable)
rCorr   .            (gloves currently unavailable)
SInv    .            (boots currently unavailable)
Will    .....        (no amulet)
Stlth   +            f - +6 ring of dexterity
HPRegen 0.33/turn    (no ring)
MPRegen 0.10/turn

%: no passive effects
@: tree-form
A: stationary, stasis, torment immunity, boosted hp, AC +6, unfitting armour,
(cold-blooded)
a: no special abilities


You were on level 3 of the Dungeon.
You were a tree.
You visited 1 branch of the dungeon, and saw 3 of its levels.

You collected 88 gold pieces.

Inventory:

Hand Weapons
 n - a +1 flail of draining
Jewellery
 f - a +6 ring of dexterity (left branch)
 i - a ring of magical power
Talismans
 b - a beast talisman
 c - a flux talisman
Wands
 t - a wand of acid (9)
Scrolls
 e - a scroll of silence {unknown}
 g - 4 scrolls of teleportation {unknown}
 k - a scroll of revelation {unknown}
 l - a scroll of summoning {unknown}
 o - 2 scrolls of identify {unknown}
 p - a scroll of poison {unknown}
 r - a scroll of torment {unknown}
 v - a scroll of noise {unknown}
Potions
 d - 2 potions of heal wounds {unknown}
 h - 2 potions of resistance {unknown}
 j - a potion of attraction {unknown}
 m - 2 potions of curing {unknown}
 q - a potion of mutation {unknown}
 s - a potion of degeneration {unknown}
 u - a potion of enlightenment {unknown}


   Skills:
 + Level 4.7 Fighting
 - Level 1.7 Dodging
 + Level 5.2 Unarmed Combat
 - Level 3.0 Shapeshifting


You had 5 spell levels left.
You didn't know any spells.
Your spell library contained the following spells:

 Spells                   Type           Power      Damage    Failure   Level
 Summon Small Mammal      Summ           0%         N/A       36%         1
 Call Canine Familiar     Summ           0%         N/A       75%         3
 Summon Guardian Golem    Hex/Summ       0%         N/A       75%         3


Dungeon Overview and Level Annotations

Branches:
Dungeon (3/15)

Altars:

Shops:
D:2 *

Annotations:
D:3 Natasha


Innate Abilities, Weirdness & Mutations

You are a tree.
Your roots penetrate the ground, keeping you stationary.
You cannot be teleported.
You are immune to unholy pain and torment.
Your maximum health is greatly increased.
Your equipment is partially melded.
((Your plain brown scales are hard. (AC +6)))
You cannot fit into any form of body armour.
((You are cold-blooded and may be slowed by cold attacks.))


Message History

You are too injured to fight recklessly!
You are too injured to fight recklessly!
You are too injured to fight recklessly!
You are too injured to fight recklessly!
You punch Sigmund!
You kill Sigmund!
Natasha mumbles some strange words.
You feel troubled. The hobgoblin closely misses you. The worm bites you.
* * * LOW HITPOINT WARNING * * *
Your Fighting skill increases to level 4!
Your Unarmed Combat skill increases to level 5!
You have reached level 5!
You have reached level 6!
Your scales feel tougher.
You hit the worm.
The worm is moderately wounded.
The hobgoblin closely misses you.
You barely miss the worm. You tail-slap the worm.
The worm is heavily wounded.
The cerulean imp closely misses you. The worm bites you.
* * * LOW HITPOINT WARNING * * *
The hobgoblin hits you but does no damage.
You hit the worm.
The worm is heavily wounded.
The cerulean imp hits you from afar with a +0 spear.
* * * LOW HITPOINT WARNING * * *
You barely miss the worm.
The worm is heavily wounded.
The hobgoblin hits you.
* * * LOW HITPOINT WARNING * * *
The worm barely misses you.
The cerulean imp hits you from afar with a +0 spear.
* * * LOW HITPOINT WARNING * * *
Unknown command.
Your transformation has ended.
You turn into a tree.
Your roots penetrate the ground.
The hobgoblin hits you but does no damage.
The cerulean imp hits you from afar with a +0 spear.
You die...

...# #.#...............#
...###..................
...#...###.............#
...#.....#.............#
...#...#.#.............#
...#...#.#.............#
...##+##.#.............#
...##.##.#.##'##.†.....#
...##......##.##♣w.....#
...#####>####.##hg.....#
.### #.# ....?55....# ##
#.# .#####...... #.# #.
...... #.# #. ...... #.#
...... #+# ..#.#


You could see a worm, Natasha, 2 cerulean imps and a hobgoblin.

Vanquished Creatures
  Sigmund (D:3)
  Terence (D:3)
  3 adders
  3 worms
  2 dart slugs
  4 orcs
  7 bats
  3 endoplasms
  3 giant cockroaches
  7 goblins
  5 hobgoblins
  7 kobolds
  4 quokkas
  A ball python (D:3)
  2 frilled lizards (D:1)
  2 rats
55 creatures vanquished.

Notes
Turn   | Place    | Note
-------+----------+-------------------------------------------
     0 | D:1      | BigPumpCobain the Draconian Shapeshifter began the quest
                  | for the Orb.
     0 | D:1      | Reached XP level 1. HP: 16/16 MP: 1/1
   132 | D:1      | Found a faded altar of an unknown god.
   224 | D:1      | Reached XP level 2. HP: 22/24 MP: 2/2
   890 | D:2      | Reached XP level 3. HP: 14/30 MP: 3/3
  1124 | D:2      | Found Daqiagou's General Store.
  1185 | D:2      | Reached skill level 4 in Unarmed Combat
  1456 | D:2      | Reached XP level 4. HP: 38/38 MP: 4/4
  1748 | D:3      | Noticed Terence
  1768 | D:3      | Killed Terence
  2010 | D:3      | Noticed Sigmund
  2018 | D:3      | Noticed Natasha
  2022 | D:3      | Killed Sigmund
  2023 | D:3      | Reached skill level 5 in Unarmed Combat
  2023 | D:3      | Reached XP level 5. HP: 11/47 MP: 5/5
  2023 | D:3      | Reached XP level 6. HP: 13/53 MP: 6/6
  2026 | D:3      | HP: 1/53 [cerulean imp/+0 spear[Natasha] (2)]
  2027 | D:3      | Slain by a cerulean imp

Illustrated notes

Levels and vault maps discovered:
D:1:      psy_arrival_whirlpool, layout_basic,
          ebering_ecumenical_altar_abandoned, minmay_tetromino_s4
D:2:      layout_basic, serial_shops, nicolae_shop_crystal,
          minmay_misc_feat_square, grunt_ministairs_2
D:3:      layout_basic, uniq_natasha, uniq_sigmund, uniq_terence

Skill      XL: |  1  2  3  4 |
---------------+-------------+-----
Fighting       | 2 3 4 |  4.7
Unarmed Combat | 4 5 |  5.2
Dodging        | |  1.7
Shapeshifting  | |  3.0

Action                     |  1- 3 |  4- 6 || total
---------------------------+-------+-------++-------
  Melee: Unarmed           |   114 |    56 ||   170
         Tailslap          |    23 |     6 ||    29
         Punch             |       |     3 ||     3
    Use: Potion            |       |     1 ||     1
   Stab: Sleeping          |       |     1 ||     1
 Armour: Skin              |    66 |    34 ||   100
  Dodge: Dodged            |    61 |    31 ||    92

Table legend: (Time is in decaauts)
 A = Elapsed time spent in this place.
 B = Non-inter-level travel time spent in this place.
 C = Inter-level travel time spent in this place.
 D = Time resting spent in this place.
 E = Time spent auto-exploring this place.
 F = Levels seen in this place.
 G = Mean time per level.
                   A        B        C        D        E       F      G
               +--------+--------+--------+--------+--------+-----+--------+
         Total |   2018 |   1947 |     71 |     85 |   1501 |   3 |  672.7 |
       Dungeon |   2018 |   1947 |     71 |     85 |   1501 |   3 |  672.7 |
               +--------+--------+--------+--------+--------+-----+--------+

Top non-repeatable levels by time:
     D:2: 951 daAuts
     D:1: 739 daAuts
     D:3: 328 daAuts
